 Dungeon Crawl Stone Soup version 0.29-a0-337-g68df138881 (webtiles) character file.

Game seed: 13801557655247801643

322 spaghetti the Ducker (level 6, 0/52 HPs)
             Began as a Deep Dwarf Transmuter on Apr 17, 2022.
             Was a Believer of Qazlal.
             Slain by an ogre
             ... wielding a +0 giant club
              (19 damage)
             ... on level 5 of the Dungeon.
             The game lasted 00:10:35 (4163 turns).

spaghetti the Ducker (Deep Dwarf Transmuter)        Turns: 4163, Time: 00:10:35

Health: 0/52       AC:  4    Str: 16    XL:     6   Next: 22%
Magic:  3/9        EV: 12    Int: 15    God:    Qazlal [**....]
Gold:   61         SH:  3    Dex: 13    Spells: 0/10 levels left

rFire   x . .      SeeInvis .   c - +0 short sword {short}
rCold   + . .      Faith    .   (no shield)
rNeg    + . .      Spirit   .   x - +1 leather armour "Plog" {rN+ Int+2}
rPois   .          Reflect  .   (no helmet)
rElec   .          Harm     .   (no cloak)
rCorr   .          Rampage  .   (no gloves)
Will    .....                   (no boots)
Stlth   +.........              (no amulet)
HPRegen 0.00/turn               v - ring of ice
MPRegen 0.11/turn               e - ring of wizardry

@: no status effects
A: damage resistance, heal wounds, sense surroundings 1, no regeneration
a: Heal Wounds, Renounce Religion, Upheaval


You were on level 5 of the Dungeon.
You worshipped Qazlal.
Qazlal was pleased with you.
You visited 1 branch of the dungeon, and saw 5 of its levels.

You collected 236 gold pieces.
You spent 175 gold pieces at shops.


Innate Abilities, Weirdness & Mutations

You are resistant to damage.
You can heal yourself by infusing magical energy.
You passively map a small area around you.
You do not regenerate.


   Skills:
 + Level 2.3 Fighting
 + Level 1.8 Armour
 + Level 3.3 Dodging
 - Level 2.2 Stealth
 - Level 2.6 Unarmed Combat
 + Level 2.6 Spellcasting
 + Level 2.7 Transmutations
 + Level 0.8 Ice Magic
 * Level 3.2 Invocations


You couldn't memorise any spells.
You knew the following spells:

 Your Spells              Type           Power      Damage    Failure   Level
a - Beastly Appendage     Tmut           20%        N/A       3%          1
b - Wereblood             Tmut           10%        N/A       5%          2
c - Ozocubu's Armour      Ice            6%         N/A       22%         3
d - Ice Form              Ice/Tmut       10%        N/A       43%         4

Your spell library contained the following spells:

 Spells                   Type           Power      Damage    Failure   Level
 Spider Form              Tmut/Pois      6%         N/A       17%         3
 Dazzling Flash           Conj/Hex       2%         N/A       30%         3
 Summon Guardian Golem    Hex/Summ       1%         N/A       30%         3
 Agony                    Necr           1%         N/A       94%         5
 Silence                  Hex/Air        0%         N/A       94%         5
 Orb of Destruction       Conj           0%         9d5       100%        7
 Ozocubu's Refrigeration  Ice            3%         4d5       100%        7
 Spellforged Servitor     Conj/Summ      0%         N/A       100%        7

Inventory:

Hand Weapons
 c - a +0 short sword (weapon) {short}
   (You took it off a kobold on level 1 of the Dungeon)
Missiles
 d - 122 stones {throwing}
 i - 7 poisoned darts {throwing}
 p - a throwing net {=f!fthrowing}
Armour
 x - the +1 leather armour "Plog" (worn) {rN+ Int+2}
   (You bought it in a shop on level 1 of the Dungeon)

   Int:       It affects your intelligence (+2).
   rN:        It protects you from negative energy.
Magical Staves
 k - a staff of earth {!astaff}
   (You found it on level 2 of the Dungeon)
Jewellery
 e - a ring of wizardry (right hand)
   (You found it on level 1 of the Dungeon)
 f - a ring of see invisible
   (You found it on level 1 of the Dungeon)
 u - a ring of willpower
   (You found it on level 4 of the Dungeon)
 v - a ring of ice (left hand)
   (You found it on level 4 of the Dungeon)
Scrolls
 g - 3 scrolls of amnesia
 j - a scroll of immolation {!r!r}
 l - 3 scrolls of magic mapping {!r}
 o - a scroll of noise {!r}
 q - 3 scrolls of teleportation {unknown}
 r - 2 scrolls of blinking {unknown}
 t - a scroll of holy word {unknown}
 w - 2 scrolls of fog {unknown}
Potions
 b - a potion of lignification {!q}
 m - a potion of flight {unknown}
 n - 2 potions of curing {unknown}
 s - 3 potions of might {unknown}

Dungeon Overview and Level Annotations

Branches:
Dungeon (5/15)
 Temple: D:4-7

Altars:
Dithmenos
Gozag
Qazlal
Trog

Shops:
D:1

*[( ** ... ,, ....#**
# ...., ,,...## #.# ,
, ..... ,##†..#...#,
,......##(.......#
#..........##...* * *
, #.........## , ,* *
, ......##..(###* ,# *
, ..........O#.## #.##
.....$.....@..#....##*
.....##..###°.#.....#
.....###.####....# ,,
* #.....##..#......##
...............# , *
......$...##..## ,
.........##*#.#*
.###....####...# ,
,*##.............,


You could see an ogre.


Message History

You regained 5 hp, and now have 32/62 hp.
You lost 4 mp, and now have 1/9 mp.
Unknown command.
Casting: Ice Form (quite dangerous; 43% risk of failure)
Confirm with . or Enter, or press ? or * to list all spells.
You don't have enough magic to cast this spell.
You climb downwards.
There is a stone staircase leading up here. 😮 MP[+1] Unknown command.
Unknown command.
w - 2 scrolls labelled HIEKHL JITIFU (gained 1) 😮 MP[+1]
There are no items here.
A necrophage comes into view.
An ogre comes into view. It is wielding a +0 giant club.
The ogre shouts!
Casting: Ice Form (quite dangerous; 43% risk of failure)
Confirm with . or Enter, or press ? or * to list all spells.
Your blood is infused with primal strength. 😮 MP[-2]
You lost 2 mp, and now have 1/9 mp. 😮 MP[+1]
Casting: Wereblood (safe; 4% risk of failure)
Confirm with . or Enter, or press ? or * to list all spells.
You warm up again.
Your +0 short sword {short} unmelds from your body.
The +1 leather armour "Plog" {rN+ Int+2} unmelds from your body.
You grow a pair of large bovine horns.
Your feet morph into talons.
The necrophage hits you but does no damage. 😮 HP[-5] MP[-1]
You now have 52 max hp (-10).
You lost 1 mp, and now have 1/9 mp.
You barely miss the necrophage. You claw the necrophage.
The necrophage hits you.
* * * LOW HITPOINT WARNING * * *
😨 HP[-4]
You take 4 damage, and now have 23/52 hp.
You closely miss the necrophage.
You claw the necrophage, but do no damage.
The necrophage is engulfed in freezing vapours.
The necrophage hits you but does no damage.
You hit the necrophage. You claw the necrophage. You headbutt the necrophage.
You feel a bit better.
You destroy the necrophage!
Qazlal accepts your kill. 😨 HP[+2]
You regained 2 hp, and now have 25/52 hp.
Your transformation is almost over.
Okay, then.
You howl as the wereblood boils in your veins! 😨 MP[+1]
You aren't carrying any items that you can evoke.
Throw: 10 darts (poison) {throwing}
Press: ? - help, Shift-Dir - straight line, f - ogre
Aim: an ogre, wielding a +0 giant club (74% to hit)
You throw a poisoned dart {throwing}.
The poisoned dart {throwing} hits the ogre.
Throw: 9 darts (poison) {throwing}
Press: ? - help, Shift-Dir - straight line, f/p - ogre
Aim: an ogre, wielding a +0 giant club (74% to hit)
You throw a poisoned dart {throwing}.
The poisoned dart {throwing} completely misses the ogre.
Throw: 8 darts (poison) {throwing}
Press: ? - help, Shift-Dir - straight line, f/p - ogre
Aim: an ogre, wielding a +0 giant club (74% to hit)
You throw a poisoned dart {throwing}.
The poisoned dart {throwing} hits the ogre.
The ogre is poisoned.
You hit the ogre. The ogre barely misses you.
You hit the ogre. You claw the ogre, but do no damage.
The ogre closely misses you.
You hit the ogre. Your kick misses the ogre.
Your horns disappear.
Your talons disappear.
Your primal bloodlust is almost over.
You hit the ogre. The ogre hits you with a +0 giant club!
* * * LOW HITPOINT WARNING * * *
😱 HP[-12]
You take 12 damage, and now have 13/52 hp.
MASSIVE DAMAGE!! (PAUSE) Unknown command.
Unknown command.
You feel much better.
You howl as the wereblood boils in your veins!
The ogre looks more healthy.
The ogre hits you with a +0 giant club. 😮 HP[+25]
You regained 25 hp, and now have 38/52 hp.
You barely miss the ogre. 😮 MP[+1]
You hit the ogre but do no damage. The ogre closely misses you.
You hit the ogre.
Your primal bloodlust has ended.
The ogre hits you with a +0 giant club!!
* * * LOW HITPOINT WARNING * * *
😨 HP[-19]
You take 19 damage, and now have 19/52 hp.
MASSIVE DAMAGE!! (PAUSE) Unknown command.
You barely miss the ogre.
The ogre hits you with a +0 giant club!!
You die...

Skill      XL: |  1  2  3  4  5 |
---------------+----------------+-----
Fighting       | 1 2 |  2.3
Stealth        | 1 2 |  2.2
Transmutations | 2 |  2.7
Spellcasting   | 2 |  2.6
Invocations    | 2 3 |  3.2
Armour         | 1 |  1.8
Dodging        | 3 |  3.3
Unarmed Combat | |  2.6
Ice Magic      | |  0.8

Action                   |  1- 3 |  4- 6 || total
-------------------------+-------+-------++-------
Melee: Short sword       |   140 |   148 ||   288
       Unarmed           |     4 |       ||     4
       Kick              |    22 |    32 ||    54
       Headbutt          |     9 |    13 ||    22
       Punch             |     2 |     2 ||     4
Throw: Dart              |       |     3 ||     3
 Cast: Beastly Appendage |    15 |    28 ||    43
       Wereblood         |    16 |    29 ||    45
       Ice Form          |       |     1 ||     1
 Abil: Heal Wounds       |     1 |     2 ||     3
  Use: Potion            |     1 |       ||     1
       Scroll            |       |     4 ||     4
Armor: Robe              |    25 |    29 ||    54
       Leather armour    |       |     2 ||     2
Dodge: Dodged            |   112 |   122 ||   234
Block: Other             |     7 |    19 ||    26

Levels and vault maps discovered:
D:1:      minmay_arrival_up_and_down, layout_basic, serial_shops,
          nicolae_shop_behind_doors, shop, nicolae_shop_stone,
          ebering_ecumenical_altar_box, bh_walls_and_bars
D:2:      layout_rooms, basic_altar, minmay_ruptured, uniq_natasha
D:3:      layout_loops_ring, nicolae_dithmenos_through_a_glass_darkly,
          old_standard_altar, amcnicky_mini_rare_corridor_liquid
D:4:      layout_loops_ring
D:5:      due_chaos_kobolds, layout_cave_pools, slow_altar_1,
          minmay_misc_feat_diagonals

Notes
Turn   | Place    | Note
-------+----------+-------------------------------------------
     0 | D:1      | spaghetti the Deep Dwarf Transmuter began the quest for the
                  | Orb.
     0 | D:1      | Reached XP level 1. HP: 16/16 MP: 3/3
     0 | D:1      | magus.rc [v1.9.6]
    63 | D:1      | Reached skill level 1 in Fighting
   147 | D:1      | Found Ogiawk's Weapon Shop.
   320 | D:1      | Reached XP level 2. HP: 8/25 MP: 2/4
   368 | D:1      | Learned a level 2 spell: Wereblood
   371 | D:1      | HP: 5/25 [frilled lizard (2)]
   413 | D:1      | Reached skill level 1 in Stealth
   428 | D:1      | Found a faded altar of an unknown god.
   433 | D:1      | You pick up a book of Changes and begin reading...
   455 | D:1      | Reached skill level 2 in Transmutations
   458 | D:1      | Prayed at the altar of an unknown god.
   458 | D:1      | Became a worshipper of Qazlal Stormbringer
   458 | D:1      | Reached * piety under Qazlal
   625 | D:1      | Found Otsa Usk's General Store.
   656 | D:1      | Reached skill level 2 in Spellcasting
   656 | D:1      | Reached XP level 3. HP: 14/31 MP: 2/6
   701 | D:1      | Found Voafuofue's Antique Armour Emporium.
   967 | D:1      | Reached skill level 2 in Stealth
  1224 | D:2      | Reached ** piety under Qazlal
  1352 | D:2      | You pick up a book of Dangerous Friends and begin
                  | reading...
  1352 | D:2      | You add the spells Summon Guardian Golem, Orb of
                  | Destruction and Spellforged Servitor to your library.
  1403 | D:2      | You pick up a book of the Senses and begin reading...
  1403 | D:2      | You add the spells Dazzling Flash, Agony and Silence to
                  | your library.
  1467 | D:2      | Reached XP level 4. HP: 31/39 MP: 3/7
  1469 | D:2      | Reached skill level 1 in Invocations
  1557 | D:2      | Noticed Natasha
  1564 | D:2      | Killed Natasha
  1565 | D:2      | Reached skill level 1 in Armour
  1582 | D:2      | Noticed Natasha
  1589 | D:2      | Killed Natasha
  1643 | D:2      | Reached skill level 3 in Dodging
  1643 | D:2      | Reached skill level 2 in Invocations
  1645 | D:2      | Found a bloodstained altar of Trog.
  1646 | D:2      | You add the spells Ozocubu's Armour and Ozocubu's
                  | Refrigeration to your library.
  1651 | D:2      | Learned a level 3 spell: Ozocubu's Armour
  1737 | D:2      | Reached XP level 5. HP: 24/45 MP: 5/8
  1819 | D:2      | Noticed Natasha
  1826 | D:2      | HP: 4/45 [Natasha (8)]
  1830 | D:2      | Killed Natasha
  1831 | D:2      | Reached skill level 2 in Fighting
  2012 | D:3      | Found a shadowy altar of Dithmenos.
  2249 | D:3      | Found an opulent altar of Gozag.
  3288 | D:4      | Reached skill level 3 in Invocations
  3335 | D:4      | Reached XP level 6. HP: 27/52 MP: 5/9
  3696 | D:1      | Bought an emerald-encrusted leather armour for 175 gold
                  | pieces
  3696 | D:1      | Identified the +1 leather armour "Plog" {rN+ Int+2} (You
                  | bought it in a shop on level 1 of the Dungeon)
  3712 | D:1      | Learned a level 4 spell: Ice Form
  4017 | D:5      | Entered Level 5 of the Dungeon
  4020 | D:5      | Noticed a yak
  4060 | D:5      | Noticed a water moccasin
  4158 | D:5      | HP: 13/52 [ogre/+0 giant club (12)]
  4163 | D:5      | Slain by an ogre

Vanquished Creatures
  A necrophage (D:5)
  A hound (D:4)
  Natasha (thrice) (D:2)
  A gnoll (D:1)
  6 adders
  A white imp (D:3)
  2 worms (D:2)
  2 dart slugs (D:1)
  An orc (D:4)
  6 bats
  9 endoplasms
  3 giant cockroaches
  A goblin (D:1)
  9 hobgoblins
  8 jackals
  5 quokkas
  9 ball pythons
  5 frilled lizards
  4 kobolds
  5 rats
82 creatures vanquished.

Table legend:
 A = Non-vault XP
 B = Vault XP
 C = Vault XP percentage of total XP
 D = Non-vault monster count
 E = Vault monster count
 F = Vault count percentage of total count
                 A         B        C        D         E       F
            +---------+---------+-------+---------+---------+-------
      Total |     417 |      44 |   9.5 |      78 |       4 |   4.9
            +---------+---------+-------+---------+---------+-------
        D:1 |      56 |       0 |   0.0 |      25 |       0 |   0.0
        D:2 |     137 |      44 |  24.3 |      26 |       4 |  13.3
        D:3 |      85 |       0 |   0.0 |      18 |       0 |   0.0
        D:4 |      58 |       0 |   0.0 |       8 |       0 |   0.0
        D:5 |      81 |       0 |   0.0 |       1 |       0 |   0.0
            +---------+---------+-------+---------+---------+-------

Illustrated notes

Table legend:
 A = Kills in this place as a percentage of kills in entire the game.
 B = Kills by you in this place as a percentage of kills by you in the entire game.
 C = Kills by friends in this place as a percentage of kills by friends in the entire game.
 D = Other kills in this place as a percentage of other kills in the entire game.
 E = Experience gained in this place as a percentage of experience gained in the entire game.
 F = Experience gained in this place divided by the number of levels of this place that you have seen.
                   A       B       C       D       E      F
               +-------+-------+-------+-------+-------+----------------------
         Total | 100.0 | 100.0 |   N/A |   N/A | 100.0 |  92.2
       Dungeon | 100.0 | 100.0 |   N/A |   N/A | 100.0 |  92.2
               +-------+-------+-------+-------+-------+----------------------

Table legend: (Time is in decaauts)
 A = Elapsed time spent in this place.
 B = Non-inter-level travel time spent in this place.
 C = Inter-level travel time spent in this place.
 D = Time resting spent in this place.
 E = Time spent auto-exploring this place.
 F = Levels seen in this place.
 G = Mean time per level.
                   A        B        C        D        E       F      G
               +--------+--------+--------+--------+--------+-----+--------+
         Total |   4201 |   3847 |    354 |     66 |   3017 |   5 |  840.2 |
       Dungeon |   4201 |   3847 |    354 |     66 |   3017 |   5 |  840.2 |
               +--------+--------+--------+--------+--------+-----+--------+

Top non-repeatable levels by time:
     D:1: 1224 daAuts
     D:3: 1119 daAuts
     D:2: 915 daAuts
     D:4: 893 daAuts
     D:5: 47 daAuts
